TOP OF THE 1ST |
Mt. Vernon Bulls batting - Pitching for Alameda Airmen : LHP Gerardo García
|
Pitching: LHP Gerardo García
|
|
Batting: LHB Raúl Trevino
|
0-0: Ground out 2-3 (Groundball, 2R)
|
Batting: RHB Alfredo Mojica
|
0-0: Ground out 6-3 (Groundball, 6)
|
Batting: RHB Habbo Allaart
|
0-0: Ball 1-0: Ball 2-0: Ground out 6-3 (Groundball, 6M)
|
Top of the 1st over - 0 run(s), 0 hit(s), 0 error(s), 0 left on base; Mt. Vernon 0 - Alameda 0 |
BOTTOM OF THE 1ST |
Alameda Airmen batting - Pitching for Mt. Vernon Bulls : RHP Arnout Els
|
Pitching: RHP Arnout Els
|
|
Batting: RHB Mariano Sánchez
|
0-0: DOUBLE (Line Drive, 9LS)
|
Batting: RHB Juan García
|
0-0: Called Strike 0-1: Ball 1-1: Swinging Strike 1-2: Ball 2-2: Foul Ball, location: 2F 2-2: Strikes out looking
|
Batting: RHB Joe Phillips
|
0-0: Ball 1-0: Ball 2-0: Ball 3-0: Foul Ball, location: 2F 3-1: Called Strike 3-2: Foul Ball, location: 2F 3-2: Strikes out swinging
|
Batting: LHB Jorge Vargas
|
0-0: Called Strike 0-1: Swinging Strike 0-2: Ball 1-2: Strikes out swinging
|
Bottom of the 1st over - 0 run(s), 1 hit(s), 0 error(s), 1 left on base; Mt. Vernon 0 - Alameda 0 |
TOP OF THE 2ND |
Mt. Vernon Bulls batting - Pitching for Alameda Airmen : LHP Gerardo García
|
Batting: RHB Franklin Gestel
|
0-0: Swinging Strike 0-1: Swinging Strike 0-2: Strikes out swinging
|
Batting: RHB Miguel Vásquez
|
0-0: Ball 1-0: Foul Ball, location: 2F 1-1: Called Strike 1-2: Foul Ball, location: 2F 1-2: Ball 2-2: Ball 3-2: Strikes out swinging
|
Batting: RHB Dennis Morrow
|
0-0: Called Strike 0-1: Called Strike 0-2: Strikes out looking
|
Top of the 2nd over - 0 run(s), 0 hit(s), 0 error(s), 0 left on base; Mt. Vernon 0 - Alameda 0 |
BOTTOM OF THE 2ND |
Alameda Airmen batting - Pitching for Mt. Vernon Bulls : RHP Arnout Els
|
Batting: RHB Vicente Rodríguez
|
0-0: Ground out 5-3 (Groundball, 5S)
|
Batting: RHB Ricardo Téllez
|
0-0: Foul Ball, location: 2F 0-1: Ball 1-1: Foul Ball, location: 2F 1-2: Ball 2-2: SINGLE (Line Drive, 8LS)
|
Batting: LHB Fernando Gaona
|
0-0: Ball 1-0: Called Strike 1-1: Fly out, F8 (Flyball, 8RM)
|
Batting: SHB Orlando Villa
|
0-0: Ball Ricardo Téllez is caught stealing 2nd base
|
Bottom of the 2nd over - 0 run(s), 1 hit(s), 0 error(s), 0 left on base; Mt. Vernon 0 - Alameda 0 |
TOP OF THE 3RD |
Mt. Vernon Bulls batting - Pitching for Alameda Airmen : LHP Gerardo García
|
Batting: RHB Jim Unknown
|
0-0: Ball 1-0: Foul Ball, location: 2F 1-1: Fly out, F8 (Flyball, 89D)
|
Batting: RHB Vaclav Brem
|
0-0: Ball 1-0: Fly out, F9 (Flyball, 9S)
|
Batting: RHB Jeff Green
|
0-0: Ball 1-0: Ball 2-0: Ball 3-0: Called Strike 3-1: Called Strike 3-2: Ground out 6-3 (Groundball, 6)
|
Top of the 3rd over - 0 run(s), 0 hit(s), 0 error(s), 0 left on base; Mt. Vernon 0 - Alameda 0 |
BOTTOM OF THE 3RD |
Alameda Airmen batting - Pitching for Mt. Vernon Bulls : RHP Arnout Els
|
Batting: SHB Orlando Villa
|
0-0: Foul Ball, location: 2F 0-1: Swinging Strike 0-2: Foul Ball, location: 2F 0-2: Ball 1-2: Ball 2-2: Foul Ball, location: 2F 2-2: Strikes out swinging
|
Batting: RHB Lenny Roper
|
0-0: Ball 1-0: Foul Ball, location: 2F 1-1: DOUBLE (Flyball, 9LM)
|
Batting: RHB Mariano Sánchez
|
0-0: Called Strike 0-1: Fly out, F9 (Flyball, 9M)
|
Batting: RHB Juan García
|
0-0: Foul Ball, location: 2F 0-1: SINGLE (Groundball, 5S) (infield hit) Lenny Roper to third
|
Batting: RHB Joe Phillips
|
0-0: Ball 1-0: Foul Ball, location: 2F 1-1: Ground out 5-3 (Groundball, 5)
|
Bottom of the 3rd over - 0 run(s), 2 hit(s), 0 error(s), 2 left on base; Mt. Vernon 0 - Alameda 0 |
TOP OF THE 4TH |
Mt. Vernon Bulls batting - Pitching for Alameda Airmen : LHP Gerardo García
|
Batting: LHB Raúl Trevino
|
0-0: Ground out U3 (Groundball, 3S)
|
Batting: RHB Alfredo Mojica
|
0-0: Ball 1-0: Foul Ball, location: 2F 1-1: DOUBLE (Groundball, 5L)
|
Batting: RHB Habbo Allaart
|
0-0: Fly out, F8 (Flyball, 8LM)
|
Batting: RHB Franklin Gestel
|
0-0: Swinging Strike 0-1: Called Strike 0-2: Ball 1-2: Ball 2-2: Strikes out looking
|
Top of the 4th over - 0 run(s), 1 hit(s), 0 error(s), 1 left on base; Mt. Vernon 0 - Alameda 0 |
BOTTOM OF THE 4TH |
Alameda Airmen batting - Pitching for Mt. Vernon Bulls : RHP Arnout Els
|
Batting: LHB Jorge Vargas
|
0-0: Ball 1-0: Foul Ball, location: 2F 1-1: Ground out 1-3 (Groundball, 15S)
|
Batting: RHB Vicente Rodríguez
|
0-0: Ball 1-0: Ball Error on foul ball, E2 2-1: Called Strike 2-2: Ball 3-2: Ground out 5-3 (Groundball, 56)
|
Batting: RHB Ricardo Téllez
|
0-0: Ball 1-0: Foul Ball, location: 2F 1-1: Foul Ball, location: 2F 1-2: Ball 2-2: Strikes out swinging
|
Bottom of the 4th over - 0 run(s), 0 hit(s), 1 error(s), 0 left on base; Mt. Vernon 0 - Alameda 0 |
TOP OF THE 5TH |
Mt. Vernon Bulls batting - Pitching for Alameda Airmen : LHP Gerardo García
|
Batting: RHB Miguel Vásquez
|
0-0: Ball 1-0: Foul Ball, location: 2F 1-1: Fly out, F9 (Flyball, 89M)
|
Batting: RHB Dennis Morrow
|
0-0: Ball 1-0: Called Strike 1-1: SINGLE (Line Drive, 78S)
|
Batting: RHB Jim Unknown
|
0-0: Called Strike 0-1: Ball 1-1: Grounds into double play, 4-6-3 (Groundball, 4)
|
Top of the 5th over - 0 run(s), 1 hit(s), 0 error(s), 0 left on base; Mt. Vernon 0 - Alameda 0 |
BOTTOM OF THE 5TH |
Alameda Airmen batting - Pitching for Mt. Vernon Bulls : RHP Arnout Els
|
Batting: LHB Fernando Gaona
|
0-0: Ground out 4-3 (Groundball, 4)
|
Batting: SHB Orlando Villa
|
0-0: Ball 1-0: SINGLE (Line Drive, 56D)
|
Batting: RHB Lenny Roper
|
0-0: Called Strike 0-1: Fly out, F9 (Flyball, 9M)
|
Batting: RHB Mariano Sánchez
|
0-0: Foul Ball, location: 2F 0-1: DOUBLE (Line Drive, 7LM) Orlando Villa to third
|
Batting: RHB Juan García
|
0-0: Swinging Strike 0-1: Foul Ball, location: 2F 0-2: Strikes out looking
|
Bottom of the 5th over - 0 run(s), 2 hit(s), 0 error(s), 2 left on base; Mt. Vernon 0 - Alameda 0 |
TOP OF THE 6TH |
Mt. Vernon Bulls batting - Pitching for Alameda Airmen : LHP Gerardo García
|
Batting: RHB Vaclav Brem
|
0-0: Foul Ball, location: 2F 0-1: Called Strike 0-2: Ball 1-2: Strikes out swinging
|
Batting: RHB Jeff Green
|
0-0: Called Strike 0-1: Ball 1-1: Ball 2-1: Called Strike 2-2: Ball 3-2: Base on Balls
|
Batting: LHB Raúl Trevino
|
0-0: Ball 1-0: Ball 2-0: SINGLE (Groundball, 56D) Jeff Green to second
|
Batting: RHB Alfredo Mojica
|
0-0: Ball 1-0: Called Strike 1-1: Foul Ball, location: 2F 1-2: Fly out, F6 (Line Drive, 6)
|
Batting: RHB Habbo Allaart
|
0-0: Called Strike 0-1: Ball 1-1: Swinging Strike 1-2: Ball 2-2: Strikes out swinging
|
Top of the 6th over - 0 run(s), 1 hit(s), 0 error(s), 2 left on base; Mt. Vernon 0 - Alameda 0 |
BOTTOM OF THE 6TH |
Alameda Airmen batting - Pitching for Mt. Vernon Bulls : RHP Arnout Els
|
Batting: RHB Joe Phillips
|
0-0: Ball 1-0: Ball 2-0: Foul Ball, location: 2F 2-1: Ball 3-1: Foul Ball, location: 2F 3-2: Foul Ball, location: 2F 3-2: Foul Ball, location: 2F 3-2: Foul Ball, location: 2F 3-2: Base on Balls
|
Batting: LHB Jorge Vargas
|
0-0: Ball 1-0: Ball 2-0: Ball 3-0: Called Strike 3-1: Base on Balls Joe Phillips to second
|
Batting: RHB Vicente Rodríguez
|
0-0: Ball 1-0: Ball 2-0: Reached on error, E3 (Groundball, 3S) Joe Phillips to third Jorge Vargas to second
|
Batting: RHB Ricardo Téllez
|
0-0: Called Strike 0-1: Fly out, F8 (Line Drive, 8LS) 0-1: Lined into DP, 8-5 (Line Drive, 8LS)
|
Batting: LHB Fernando Gaona
|
0-0: Called Strike 0-1: Ball 1-1: Foul Ball, location: 2F 1-2: SINGLE (Line Drive, 9S) Jorge Vargas to third Vicente Rodríguez to second Runner from 3rd tries for Home, SAFE, no throw or cutoff
|
Batting: SHB Orlando Villa
|
0-0: Swinging Strike 0-1: Ground out 4-3 (Groundball, 4)
|
Bottom of the 6th over - 1 run(s), 1 hit(s), 1 error(s), 2 left on base; Mt. Vernon 0 - Alameda 1 |
TOP OF THE 7TH |
Mt. Vernon Bulls batting - Pitching for Alameda Airmen : LHP Gerardo García
|
Batting: RHB Franklin Gestel
|
0-0: Called Strike 0-1: Ball 1-1: Foul Ball, location: 2F 1-2: Ball 2-2: Strikes out swinging
|
Batting: RHB Miguel Vásquez
|
0-0: Called Strike 0-1: Foul Ball, location: 2F 0-2: Foul Ball, location: 2F 0-2: Ground out U3 (Groundball, 3S)
|
Batting: RHB Dennis Morrow
|
0-0: Ball 1-0: Foul Ball, location: 2F 1-1: Ball 2-1: Swinging Strike 2-2: Strikes out swinging
|
Top of the 7th over - 0 run(s), 0 hit(s), 0 error(s), 0 left on base; Mt. Vernon 0 - Alameda 1 |
BOTTOM OF THE 7TH |
Alameda Airmen batting - Pitching for Mt. Vernon Bulls : RHP Arnout Els
|
Batting: RHB Lenny Roper
|
0-0: Swinging Strike 0-1: Ground out 4-3 (Groundball, 4)
|
Batting: RHB Mariano Sánchez
|
0-0: Swinging Strike 0-1: Ball 1-1: Swinging Strike 1-2: Fly out, F9 (Flyball, 89M)
|
Batting: RHB Juan García
|
0-0: Fly out, F8 (Flyball, 8RM)
|
Bottom of the 7th over - 0 run(s), 0 hit(s), 0 error(s), 0 left on base; Mt. Vernon 0 - Alameda 1 |
TOP OF THE 8TH |
Mt. Vernon Bulls batting - Pitching for Alameda Airmen : LHP Gerardo García
|
Batting: RHB Jim Unknown
|
0-0: Ball 1-0: Foul Ball, location: 2F 1-1: Called Strike 1-2: Ground out 6-3 (Groundball, 6)
|
Pitching: RHP Jim Unknown
|
|
Batting: RHB Vaclav Brem
|
0-0: Ground out 1-3 (Groundball, 23)
|
Batting: RHB Jeff Green
|
0-0: Swinging Strike 0-1: Ball 1-1: Foul Ball, location: 2F 1-2: Foul Ball, location: 2F 1-2: SINGLE (Line Drive, 78S)
|
Batting: LHB Raúl Trevino
|
0-0: SINGLE (Line Drive, 6MD) Jeff Green to second Runner from 2nd tries for 3rd, SAFE, no throw or cutoff
|
Pinch Hitting: RHB Jorge Quezada
|
0-0: Swinging Strike 0-1: Ball 1-1: Swinging Strike 1-2: Ball 2-2: Ball 3-2: Base on Balls Raúl Trevino to second
|
Batting: RHB Habbo Allaart
|
0-0: Foul Ball, location: 2F 0-1: Swinging Strike 0-2: Strikes out swinging
|
Top of the 8th over - 0 run(s), 2 hit(s), 0 error(s), 3 left on base; Mt. Vernon 0 - Alameda 1 |
BOTTOM OF THE 8TH |
Alameda Airmen batting - Pitching for Mt. Vernon Bulls : RHP Arnout Els
|
Now at 3B: Jorge Quezada
|
|
Batting: RHB Joe Phillips
|
0-0: Foul Ball, location: 2F 0-1: Ball 1-1: Fly out, F6 (Line Drive, 56)
|
Batting: LHB Jorge Vargas
|
0-0: Ball 1-0: Ball 2-0: Ball 3-0: Base on Balls
|
Batting: RHB Vicente Rodríguez
|
0-0: Swinging Strike 0-1: Ball 1-1: DOUBLE (Line Drive, 7LM) Jorge Vargas to third
|
Batting: RHB Ricardo Téllez
|
0-0: Ball 1-0: Swinging Strike 1-1: Foul Ball, location: 2F 1-2: Strikes out looking
|
Pitching: RHP Colm Soto
|
|
Batting: LHB Fernando Gaona
|
0-0: Ball 1-0: Ball 2-0: Foul Ball, location: 2F 2-1: Ball 3-1: Foul Ball, location: 2F 3-2: Base on Balls
|
Batting: SHB Orlando Villa
|
0-0: Ball 1-0: Called Strike 1-1: Swinging Strike 1-2: Foul Ball, location: 2F 1-2: Strikes out swinging
|
Bottom of the 8th over - 0 run(s), 1 hit(s), 0 error(s), 3 left on base; Mt. Vernon 0 - Alameda 1 |
TOP OF THE 9TH |
Mt. Vernon Bulls batting - Pitching for Alameda Airmen : RHP Jim Unknown
|
Now at 1B: Jeffrey Jones
|
|
Now in LF: Gustavo Meza
|
|
Pinch Hitting: RHB Mariano Ramírez
|
0-0: Called Strike 0-1: Ball 1-1: Swinging Strike 1-2: Ball 2-2: Strikes out swinging
|
Pinch Hitting: RHB Marvin Hayes
|
0-0: Fly out, F2 (Popup, 2RF)
|
Batting: RHB Dennis Morrow
|
0-0: Called Strike 0-1: Foul Ball, location: 2F 0-2: Ball 1-2: Foul Ball, location: 2F 1-2: Ball 2-2: Strikes out swinging
|
Top of the 9th over - 0 run(s), 0 hit(s), 0 error(s), 0 left on base; Mt. Vernon 0 - Alameda 1 |
|